 Dungeon Crawl Stone Soup version 0.20.0-15-g7f486f2 (webtiles) character file.

409 dvd the Chiller (level 6, -6/25 HPs)
             Began as a Felid Ice Elementalist on June 12, 2017.
             Killed from afar by an oklob sapling (10 damage)
             ... with a splash of acid
             ... on level 6 of the Dungeon.
             The game lasted 00:37:34 (9423 turns).

dvd the Chiller (Felid Ice Elementalist)            Turns: 9423, Time: 00:37:35

Health: -6/25      AC: -2    Str:  6    XL:     6   Next: 58%
Magic:  15/15      EV: 19    Int: 20    God:
Gold:   199        SH:  0    Dex: 17    Spells: 6/16 levels left
                                        Lives:  0   Deaths: 2

rFire    . . .     SeeInvis +     - Unarmed
rCold    + . .     Gourm    .   (shield unavailable)
rNeg     . . .     Faith    .   (armour unavailable)
rPois    .         Spirit   .   (helmet unavailable)
rElec    .         Reflect  .   (cloak unavailable)
rCorr    .         Harm     .   (gloves unavailable)
MR       .....                  (boots unavailable)
Stlth    +++.......             (no amulet)
Regen    0.1/turn               l - ring of protection from cold
MPRegen  0.2/turn               (no ring)

@: corroded, quick
A: no armour, no weapons or thrown items, stealth, claws 1, fangs 3, see
invisible, carnivore 3, clever 1, speed 1, shaggy fur 2, slow metabolism 1,
strong 1, subdued magic 1, sharp paws
a: no special abilities


You were on level 6 of the Dungeon.
You were not hungry.

You visited 1 branch of the dungeon, and saw 6 of its levels.

You collected 199 gold pieces.

Inventory:

Jewellery
 l - a ring of protection from cold (left paw)
Scrolls
 e - a scroll of amnesia
 f - 6 scrolls of remove curse
 h - 8 scrolls of identify
 k - 2 scrolls of fog
 o - a scroll of recharging
 q - a scroll of blinking
Potions
 d - a potion of curing
 i - a potion of mutation
 j - a potion of heal wounds
Books
 a - a book of Frost

   Spells                             Type                      Level
   a - Freeze                         Ice                          1
   b - Throw Frost                    Conjuration/Ice              2
   c - Ozocubu's Armour               Charms/Ice                   3
   d - Throw Icicle                   Conjuration/Ice              4
   e - Summon Ice Beast               Ice/Summoning                4
Comestibles
 b - 2 meat rations
 g - 5 royal jellies


   Skills:
 + Level 1.4 Fighting
 + Level 3.9 Dodging
 + Level 4.6 Stealth
 + Level 2.7 Unarmed Combat
 + Level 5.6 Spellcasting
 + Level 1.9 Conjurations
 + Level 2.4 Charms
 + Level 5.6 Ice Magic


You had 6 spell levels left.
You knew the following spells:

 Your Spells              Type           Power        Failure   Level  Hunger
a - Freeze                Ice            ###.         1%          1    None
b - Throw Frost           Conj/Ice       ###...       2%          2    None
c - Ozocubu's Armour      Chrm/Ice       ###.....     4%          3    ##.....
d - Throw Icicle          Conj/Ice       ###.....     19%         4    ####...


Dungeon Overview and Level Annotations

Branches:
Dungeon (6/15)             Temple (0/1) D:6

Altars:
Yredelemnul
The Shining One

Annotations:
D:4 maniacrov's ghost, amateur GrFi
D:5 Duvessa
D:6 exclusion: oklob sapling


Innate Abilities, Weirdness & Mutations

You cannot wear armour.
You are incapable of wielding weapons or throwing items.
Your paws allow you to move quietly. (Stealth)
You have sharp claws.
You have razor-sharp teeth.
You have supernaturally acute eyesight. (SInv)
You are carnivorous and can eat meat at any time.
You cover ground quickly.
You are covered in thick fur. (AC +2)
You have a slow metabolism.
Your sharp claws are effective at attacking unaware monsters.
Your mind is acute. (Int +2)
Your muscles are strong. (Str +2)
Your spells are a little easier to cast, but a little less powerful.


Message History

You scratch the plant but do no damage.
The plant is lightly damaged.
You scratch the plant but do no damage.
The plant is lightly damaged.
The oklob sapling spits acid at you. The splash of acid misses you.
The splash of acid hits the plant.
The plant is splashed with acid.
You scratch the plant but do no damage.
The plant is lightly damaged.
You scratch the plant but do no damage. You claw the plant, but do no damage.
The plant is lightly damaged.
You scratch the plant but do no damage.
The plant is lightly damaged.
You scratch the plant but do no damage.
The plant is lightly damaged.
You scratch the plant but do no damage.
The plant is lightly damaged.
The oklob sapling spits acid at you. The splash of acid hits you!
You die...

###'#. '## ...%.. ..
...... ##'#####
......##......# ###
.........P....# ..#
.....P.PPP.P..# ..#
......PP.PP...# ..#
..[...P@>PPP..# ..#
###+#PP..PPP..# ..#
#...PPP.P...+ ..#
###P..PP....#.# ..#
#.......$.....#
..##########.#########...#
.............### ..#
...............####### .#
##..<................# #


You could see an oklob sapling.

Vanquished Creatures
  A sky beast (D:6)
  2 ogres (D:4)
  A scorpion (D:4)
  Dowan (D:5)
  A crimson imp (D:4)
  A howler monkey (D:4)
  A jelly (D:5)
  A bullfrog zombie (D:5)
  2 hounds
  2 centaur zombies
  Crazy Yiuf (D:5)
  An iguana (D:5)
  2 orc wizards
  8 worker ants
  A killer bee zombie (D:3)
  2 worker ant zombies (D:4)
  11 adders
  5 gnolls
  3 howler monkey skeletons (D:4)
  An adder zombie (D:4)
  3 worms
  2 dart slugs
  5 leopard geckos
  10 orcs
  5 bats
  5 giant cockroaches
  10 goblins
  7 hobgoblins
  8 kobolds
  A ball python (D:2)
  3 frilled lizards
  A jackal zombie (D:4)
  A leopard gecko zombie (D:5)
  A quokka zombie (D:4)
  8 rats
  A plant (D:6)
119 creatures vanquished.

Notes
Turn   | Place    | Note
-------+----------+-------------------------------------------
     0 | D:1      | dvd the Felid Ice Elementalist began the quest for the Orb.
     0 | D:1      | Reached XP level 1. HP: 7/7 MP: 4/4
   259 | D:1      | Reached XP level 2. HP: 11/11 MP: 4/6
   447 | D:1      | Learned a level 2 spell: Throw Frost
   656 | D:1      | Reached skill level 1 in Conjurations
  1197 | D:2      | Reached XP level 3. HP: 14/14 MP: 4/7
  1203 | D:2      | Learned a level 3 spell: Ozocubu's Armour
  2207 | D:3      | Reached XP level 4. HP: 18/18 MP: 9/9
  2591 | D:3      | Reached skill level 1 in Unarmed Combat
  2620 | D:3      | Gained mutation: You are agile. (Dex +2) [potion of mutation]
  3324 | D:4      | Reached XP level 5. HP: 19/21 MP: 0/10
  3381 | D:4      | Noticed an ogre
  3676 | D:4      | Noticed maniacrov's ghost (amateur GrFi)
  4489 | D:3      | Learned a level 4 spell: Throw Icicle
  4779 | D:4      | Reached skill level 1 in Charms
  4881 | D:4      | Noticed an ogre
  4889 | D:4      | Killed an ogre
  4889 | D:4      | Gained mutation: You are covered in thick fur. (AC +2) [Felid growth]
  4889 | D:4      | Reached XP level 6. HP: 23/25 MP: 3/12
  5416 | D:5      | Entered Level 5 of the Dungeon
  5555 | D:5      | Reached XP level 7. HP: 28/28 MP: 4/14
  5815 | D:5      | Reached skill level 1 in Fighting
  6252 | D:5      | Noticed Dowan
  6283 | D:5      | Noticed Duvessa
  6442 | D:5      | Killed Dowan
  6731 | D:4      | Reached skill level 5 in Ice Magic
  7485 | D:5      | Slain by Duvessa
  7486 | D:5      | Reached XP level 6. HP: -1/25 MP: 0/14
  7656 | D:5      | Found a basalt altar of Yredelemnul.
  7692 | D:5      | Reached XP level 7. HP: 12/28 MP: 3/15
  7889 | D:5      | Reached skill level 5 in Spellcasting
  7949 | D:5      | Found a runed door.
  7976 | D:5      | Noticed Crazy Yiuf
  7986 | D:5      | Killed Crazy Yiuf
  8736 | D:6      | Found a glowing golden altar of the Shining One.
  8771 | D:6      | Gained mutation: Your spells are a little easier to cast, but a little less powerful. [mutagenic meat]
  8772 | D:6      | Gained mutation: You evolve. [mutagenic meat]
  8774 | D:6      | Gained mutation: You expend magic power (3 MP) to strengthen your wands. [mutagenic meat]
  9175 | D:6      | Lost mutation: You expend magic power (3 MP) to strengthen your wands. [potion of mutation]
  9175 | D:6      | Lost mutation: You are agile. (Dex +2) [potion of mutation]
  9175 | D:6      | Lost mutation: You evolve. [potion of mutation]
  9175 | D:6      | Gained mutation: Your muscles are strong. (Str +2) [potion of mutation]
  9175 | D:6      | Gained mutation: Your body sometimes deteriorates upon taking damage. [potion of mutation]
  9175 | D:6      | Gained mutation: You are agile. (Dex +2) [potion of mutation]
  9176 | D:6      | Lost mutation: Your body sometimes deteriorates upon taking damage. [potion of mutation]
  9176 | D:6      | Lost mutation: You are agile. (Dex +2) [potion of mutation]
  9176 | D:6      | Gained mutation: Your mind is acute. (Int +2) [potion of mutation]
  9324 | D:6      | HP: 1/28 [wyvern skeleton (13)]
  9328 | D:6      | Slain by a wyvern skeleton
  9329 | D:6      | Reached XP level 6. HP: 0/25 MP: 1/15
  9333 | D:6      | Found a staircase to the Ecumenical Temple.
  9423 | D:6      | Killed from afar by an oklob sapling

Skill      XL: |  1  2  3  4  5  6  7 |
---------------+----------------------+-----
Ice Magic      | 3 4 5 |  5.6
Stealth        | 3 4 |  4.6
Conjurations   | 1 |  1.9
Dodging        | 3 |  3.9
Spellcasting   | 3 4 5 |  5.6
Unarmed Combat | 1 2 |  2.7
Charms         | 1 2 |  2.4
Fighting       | 1 |  1.4

Action                   |  1- 3 |  4- 6 |  7- 9 || total
-------------------------+-------+-------+-------++-------
Melee: Unarmed           |    30 |   151 |    91 ||   272
       Bite              |       |    28 |     6 ||    34
       Punch             |       |     3 |     2 ||     5
 Cast: Freeze            |    42 |    64 |    47 ||   153
       Throw Frost       |    10 |    32 |    51 ||    93
       Ozocubu's Armour  |     3 |    17 |    19 ||    39
       Throw Icicle      |       |       |     5 ||     5
  Use: Potion            |       |     7 |     4 ||    11
       Scroll            |       |     3 |    10 ||    13
 Stab: Sleeping          |    16 |    11 |     2 ||    29
  Eat: Chunk             |    11 |    10 |    21 ||    42
Armor: Skin              |     4 |    20 |    23 ||    47
Dodge: Dodged            |    36 |    88 |   103 ||   227
